 Dungeon Crawl Stone Soup version 0.25.0-33-gff14898 (webtiles) character file.

Game seed: 13848562226702419968

172 robertstho the Chiller (level 5, -5/28 HPs)
             Began as a Deep Elf Ice Elementalist on July 7, 2020.
             Slain by an ogre
             ... wielding a +0 giant club
              (16 damage)
             ... on level 4 of the Dungeon.
             The game lasted 00:04:28 (2650 turns).

robertstho the Chiller (Deep Elf Ice Elementalist)  Turns: 2650, Time: 00:04:29

Health: -5/28      AC:  4    Str:  5    XL:     5   Next: 27%
Magic:  12/14      EV: 12    Int: 21    God:
Gold:   139        SH:  3    Dex: 15    Spells: 13/14 levels left

rFire    . . .     SeeInvis .   i - +0 hand axe
rCold    . . .     Gourm    .   e - +0 buckler
rNeg     . . .     Faith    .   r - +1 robe {MR+}
rPois    .         Spirit   .   j - +0 helmet
rElec    .         Reflect  .   (no cloak)
rCorr    .         Harm     .   (no gloves)
MR       +....                  (no boots)
Stlth    ++........             (no amulet)
HPRegen  0.09/turn              (no ring)
MPRegen  0.14/turn              (no ring)

@: no status effects
A: no striking features
a: no special abilities


You were on level 4 of the Dungeon.
You were not hungry.

You visited 1 branch of the dungeon, and saw 4 of its levels.

You collected 139 gold pieces.

Inventory:

Hand Weapons
 i - a +0 hand axe (weapon)
Missiles
 f - 8 atropa-tipped darts (quivered)
 g - 8 poisoned darts
Armour
 e - a +0 buckler (worn)
 j - a +0 helmet (worn)
 r - a +1 robe of magic resistance (worn)
Scrolls
 b - a scroll of immolation {unknown}
 m - a scroll of enchant armour
 n - 2 scrolls of enchant weapon
 p - 2 scrolls of teleportation
Potions
 d - a potion of brilliance
 h - a potion of mutation
 k - a potion of degeneration
Comestibles
 a - 2 chunks of flesh
 c - 7 rations


   Skills:
 + Level 0.7 Axes
 + Level 2.6 Dodging
 + Level 2.8 Stealth
 * Level 5.0 Spellcasting
 * Level 6.0 Ice Magic


You had 13 spell levels left.
You knew the following spells:

 Your Spells              Type           Power        Failure   Level  Hunger
a - Freeze                Ice            ####         1%          1    None

Your spell library contained the following spells:

 Spells                   Type           Power        Failure   Level  Hunger
 Frozen Ramparts          Ice            ####..       4%          3    ##.....
 Ozocubu's Armour         Chrm/Ice       ###.....     16%         3    ##.....
 Beastly Appendage        Tmut           #.....       19%         1    None
 Sticks to Snakes         Tmut           #.......     26%         2    None
 Hailstorm                Conj/Ice       ###.....     45%         4    ####...
 Ice Form                 Ice/Tmut       ###.....     45%         4    ####...
 Summon Ice Beast         Ice/Summ       ###.....     45%         4    ####...
 Spider Form              Tmut/Pois      #.........   47%         3    ##.....
 Blade Hands              Tmut           #.........   99%         5    #####..


Dungeon Overview and Level Annotations

Branches:
Dungeon (4/15)
 Temple: D:4-7

Altars:
Dithmenos
Gozag
Wu Jian


Message History

The ogre shouts!
Found a stone staircase leading up.
Casting: Freeze (safe; 1% risk of failure)
Confirm with . or Enter, or press ? or * to list all spells.
Aiming: Freeze (safe; 1% risk of failure)
Press: ? - help, Shift-Dir - straight line, f - ogre
Aim: an ogre, wielding a +0 giant club You freeze the ogre!
The ogre is moderately wounded.
The ogre hits you with a +0 giant club!
Casting: Freeze (safe; 1% risk of failure)
Confirm with . or Enter, or press ? or * to list all spells.
Aiming: Freeze (safe; 1% risk of failure)
Press: ? - help, Shift-Dir - straight line, f/p - ogre
Aim: an ogre, wielding a +0 giant club (moderately wounded)
You freeze the ogre.
The ogre is heavily wounded.
The ogre hits you with a +0 giant club!
Ouch! That really hurt!
You die...

. .. .. #. ##.. #.
.#... ##.# ..... #
###<.. ......
#.##.....##......
.... #..@O..#
.....####..##....
.................
...###.รท.....#...
#.......# #
............
..............
#...............
#.....#.#.......


You could see an ogre.

Vanquished Creatures
  A howler monkey (D:3)
  A hound (D:4)
  6 adders
  2 leopard geckos
  2 giant cockroaches
  3 goblins
  7 hobgoblins
  11 jackals
  A quokka (D:2)
  2 ball pythons (D:2)
  4 bats
  4 frilled lizards
  6 kobolds
  4 rats
54 creatures vanquished.

Notes
Turn   | Place    | Note
-------+----------+-------------------------------------------
     0 | D:1      | robertstho the Deep Elf Ice Elementalist began the quest
                  | for the Orb.
     0 | D:1      | Reached XP level 1. HP: 10/10 MP: 6/6
   802 | D:2      | Found an opulent altar of Gozag.
   824 | D:2      | Reached XP level 2. HP: 15/15 MP: 6/8
   835 | D:2      | Reached skill level 5 in Ice Magic
  1065 | D:2      | Reached XP level 3. HP: 4/19 MP: 6/9
  1750 | D:2      | Found an ornate altar of the Wu Jian Council.
  2044 | D:3      | Reached XP level 4. HP: 24/24 MP: 10/12
  2202 | D:3      | Found a shadowy altar of Dithmenos.
  2524 | D:3      | You fall into a shaft and drop 1 floor!
  2532 | D:4      | Reached skill level 6 in Ice Magic
  2532 | D:4      | Reached XP level 5. HP: 16/28 MP: 8/14
  2533 | D:4      | Reached skill level 5 in Spellcasting
  2644 | D:4      | Noticed an ogre
  2650 | D:4      | Slain by an ogre

Illustrated notes

Levels and vault maps discovered:
D:1:      dpeg_arrival_signposts, layout_basic
D:2:      layout_loops_ring, lemuel_doored_altar, nicolae_gozag_seed_capital
D:3:      layout_basic, grunt_dithmenos_smoke
D:4:      layout_cave_pools, first_ration, nrook_uturn,
          chequers_serial_rivers_small_3, cheibrodos_ashenzari_chains

Skill      XL: |  1  2  3  4  5 |
---------------+----------------+-----
Ice Magic      | 5 6 |  6.0
Spellcasting   | 4 5 |  5.0
Axes           | |  0.7
Dodging        | |  2.6
Stealth        | |  2.8

Action                   |  1- 3 |  4- 6 || total
-------------------------+-------+-------++-------
Melee: Hand axe          |    48 |     8 ||    56
       Unarmed           |     4 |       ||     4
 Cast: Freeze            |    45 |    24 ||    69
  Use: Potion            |     5 |       ||     5
       Scroll            |       |     5 ||     5
 Stab: Sleeping          |     6 |     2 ||     8
  Eat: Chunk             |     3 |     2 ||     5
Armor: Robe              |    18 |     9 ||    27
Dodge: Dodged            |    66 |    21 ||    87
Block: Buckler           |    12 |     2 ||    14
